 Dungeon Sprint DCSS version 0.17.1-2-g5865329 (webtiles) character file.

1096 hexophile the Fighter (level 8, -2/84 (86) HPs)
             Began as a Ghoul Fighter on Jan 27, 2016.
             Was a Priest of Makhleb.
             Killed from afar by a deep elf mage (17 damage)
             ... with a stone arrow
             ... in the Dungeon (Sprint IX: "|||||||||||||||||||||||||||||").
             The game lasted 00:01:12 (351 turns).

hexophile the Fighter (Ghoul Fighter)                Turns: 351, Time: 00:01:12

HP:   -2/84 (86)    AC: 11    Str: 25    XL:     8   Next: 31%
MP:   7/7           EV:  5    Int:  3    God:    Makhleb [***...]
Gold: 0             SH:  9    Dex:  8    Spells: 0 memorised, 7 levels left

rFire  . . .     SeeInvis .     n - +2 scimitar (flame)
rCold  + . .     Clarity  .     r - +1 chain mail
rNeg   + + +     SustAt   .     c - +0 shield
rPois  ∞         Gourm    .     (no helmet)
rElec  .         Spirit   .     (no cloak)
rCorr  .         Warding  .     p - +0 pair of gloves
rMut   .         NoTele   +     (no boots)
MR     .....                    (no amulet)
Stlth  ..........               (no ring)
                                q - +3 ring of strength

@: rotting, not resistant to hostile enchantments, extremely unstealthy
A: rotting body, claws 1, carnivore 3, cold resistance 1, negative energy
resistance 3, slow regeneration 1, torment resistance, unbreathing
a: Minor Destruction, Lesser Servant of Makhleb, Renounce Religion


You were in the Dungeon.
You worshipped Makhleb.
Makhleb was most pleased with you.
You were not hungry.

You visited 1 branch


Innate Abilities, Weirdness & Mutations

Your body is rotting away.
You thrive on raw meat.
You are immune to poison.
You have sharp fingernails.
You are carnivorous and can eat meat at any time.
Your flesh is cold resistant.
You are immune to negative energy.
You regenerate slowly when monsters are visible.
You are immune to unholy pain and torment.
You can survive without breathing.

Inventory:

Hand Weapons
 a - a +0 long sword
 n - a +2 scimitar of flaming (weapon)
Armour
 c - a +0 shield (worn)
 o - a steam dragon hide {rSteam}
 p - a +0 pair of gloves (worn)
 r - a +1 chain mail (worn)
Jewellery
 q - a +3 ring of strength (left hand)
Wands
 m - a wand of cold (5)
Scrolls
 k - 2 scrolls of blinking
 l - 3 scrolls of remove curse
Potions
 d - a potion of might {Str+5 DMG+1d10}
 f - 5 potions of curing
 g - a potion of invisibility
 h - 2 potions of heal wounds
 i - 4 potions of magic
 j - a potion of berserk rage
Comestibles
 b - 13 chunks of flesh
 e - a meat ration


You had 7 spell levels left.
You didn't know any spells.


   Skills:
 + Level 13.6 Fighting
 + Level 11.5 Long Blades
 - Level 2.6 Armour
 - Level 2.6 Shields

Dungeon Overview and Level Annotations

Branches:
Dungeon (1/1)

Altars:
Cheibriados
Dithmenos
Elyvilon
Fedhas
Gozag
Kikubaaqudgha
Makhleb
Nemelex Xobeh
Okawaru
Qazlal
Ru
Sif Muna
Trog
Vehumet
Xom
Yredelemnul
Zin
The Shining One
Beogh
Jiyva
Lugonu

Vault maps used:
D:        linesprint
You       could see a deep elf mage.


Message History

You hit the jelly but do no damage.
Your hands burn!
The jelly is moderately wounded.
The jelly hits you but does no damage.
You lost 2 HP.
You have now: 46/84 HP.
You slash the jelly! You burn the jelly.
You kill the jelly!
Makhleb accepts your kill.
The mottled dragon breathes sticky fire at you.
The sticky flame hits you!
You are covered in liquid flames!
You are covered in liquid flames!
The mottled dragon bites you. You block the mottled dragon's attack.
There is an open door here.
You see here a giant frog corpse.
You hit the mottled dragon.
The mottled dragon is moderately wounded.
You are covered in liquid flames!
The mottled dragon bites you!
* * * LOW HITPOINT WARNING * * *
You block the mottled dragon's attack. !MASSIVE DAMAGE!
YOU LOST 22 HP!
You have now: 24/84 HP.
You hit the mottled dragon.
The mottled dragon is moderately wounded.
You are covered in liquid flames!
* * * LOW HITPOINT WARNING * * *
You lost 5 HP.
You have now: 19/84 HP.
You slash the mottled dragon! You burn the mottled dragon.
The mottled dragon is almost dead.
You are covered in liquid flames!
* * * LOW HITPOINT WARNING * * *
You block the mottled dragon's attack. x2
You lost 3 HP.
You have now: 16/84 HP.
You hit the mottled dragon.
The mottled dragon is almost dead.
You are covered in liquid flames!
* * * LOW HITPOINT WARNING * * *
The mottled dragon closely misses you.
The mottled dragon claws you but does no damage.
You lost 1 HP.
You have now: 15/84 HP.
Your shield prevents you from hitting the mottled dragon.
The mottled dragon is almost dead.
The mottled dragon bites you but does no damage.
The mottled dragon claws you but does no damage.
You slash the mottled dragon!
You kill the mottled dragon!
Makhleb accepts your kill. The deep elf mage casts a spell at you.
The stone arrow hits you!
You die...

Action                   |  1- 3 |  4- 6 |  7- 9 || total
-------------------------+-------+-------+-------++-------
Melee: Long sword        |    62 |       |       ||    62
       Scimitar          |       |     9 |    34 ||    43
Evoke: Wand              |       |     2 |       ||     2
  Use: Potion            |     2 |       |       ||     2

Notes
Turn   | Place    | Note
--------------------------------------------------------------
     0 | D        | hexophile the Ghoul Fighter began the quest for the Orb.
     0 | D        | Reached XP level 1. HP: 19/19 MP: 0/0
     8 | D        | Reached skill level 2 in Long Blades
    18 | D        | Reached skill level 4 in Fighting
    28 | D        | Noticed a crimson imp
    28 | D        | Noticed a worker ant
    30 | D        | Reached skill level 3 in Long Blades
    30 | D        | Reached XP level 2. HP: 16/28 MP: 1/1
    38 | D        | Killed a worker ant
    38 | D        | Reached skill level 5 in Fighting
    38 | D        | Reached skill level 4 in Long Blades
    38 | D        | Reached XP level 3. HP: 29/37 MP: 2/2
    52 | D        | Reached skill level 6 in Fighting
    81 | D        | Killed a crimson imp
    81 | D        | Reached skill level 7 in Fighting
    81 | D        | Reached skill level 5 in Long Blades
    81 | D        | Reached XP level 4. HP: 31/47 MP: 3/3
    92 | D        | Found a glowing silver altar of Zin.
    92 | D        | Found a glowing golden altar of the Shining One.
    92 | D        | Found an ancient bone altar of Kikubaaqudgha.
    92 | D        | Found a basalt altar of Yredelemnul.
    92 | D        | Found a shimmering altar of Xom.
    92 | D        | Found a radiant altar of Vehumet.
    93 | D        | Found an iron altar of Okawaru.
    94 | D        | Found a burning altar of Makhleb.
    95 | D        | Found a deep blue altar of Sif Muna.
    96 | D        | Found a bloodstained altar of Trog.
    97 | D        | Found a sparkling altar of Nemelex Xobeh.
    98 | D        | Found a white marble altar of Elyvilon.
    99 | D        | Found a roughly hewn altar of Beogh.
   100 | D        | Found a viscous altar of Jiyva.
   101 | D        | Found a corrupted altar of Lugonu.
   102 | D        | Found a blossoming altar of Fedhas.
   103 | D        | Found a snail-covered altar of Cheibriados.
   104 | D        | Found a shadowy altar of Dithmenos.
   105 | D        | Found a stormy altar of Qazlal.
   106 | D        | Found an opulent altar of Gozag.
   107 | D        | Found a sacrificial altar of Ru.
   116 | D        | Became a worshipper of Makhleb the Destroyer
   219 | D        | Noticed an ogre
   219 | D        | Noticed a steam dragon
   219 | D        | Noticed an orc wizard
   219 | D        | Noticed a yak
   225 | D        | Killed an orc wizard
   225 | D        | Reached skill level 6 in Long Blades
   226 | D        | Killed a yak
   226 | D        | Reached * piety under Makhleb
   226 | D        | Reached skill level 10 in Fighting
   226 | D        | Reached skill level 8 in Long Blades
   226 | D        | Reached XP level 5. HP: 44/56 MP: 4/4
   226 | D        | Reached XP level 6. HP: 50/64 MP: 5/5
   229 | D        | Killed an ogre
   231 | D        | Killed a steam dragon
   231 | D        | Reached skill level 11 in Fighting
   231 | D        | Reached skill level 9 in Long Blades
   231 | D        | Reached XP level 7. HP: 33/72 MP: 6/6
   237 | D        | Reached ** piety under Makhleb
   323 | D        | Noticed a deep elf mage
   323 | D        | Noticed a mottled dragon
   323 | D        | Noticed a jelly
   323 | D        | Noticed a giant frog
   323 | D        | Noticed a manticore
   332 | D        | Killed a manticore
   332 | D        | Reached skill level 13 in Fighting
   332 | D        | Reached skill level 11 in Long Blades
   332 | D        | Reached XP level 8. HP: 54/84 MP: 7/7
   334 | D        | Reached *** piety under Makhleb
   340 | D        | Killed a giant frog
   344 | D        | Killed a jelly
   351 | D        | Killed a mottled dragon
   351 | D        | Killed from afar by a deep elf mage

Table legend:
 A = Turns spent in this place as a percentage of turns spent in the entire game.
 B = Non-inter-level travel turns spent in this place as a percentage of non-inter-level travel turns spent in the entire game.
 C = Inter-level travel turns spent in this place as a percentage of turns spent in this place.
 D = Turns resting spent in this place as a percentage of non-inter-level travel turns spent in this place.
 E = Turns spent auto-exploring this place as a percentage of non-inter-level travel turns spent in this place.
 F = Non-inter-level travel turns spent in this place divided by the number of levels of this place that you've seen.
                   A       B       C       D       E      F
               +-------+-------+-------+-------+-------+----------------------
         Total | 100.0 | 100.0 |   0.0 |   2.4 |   0.4 | 247.0
       Dungeon | 100.0 | 100.0 |   0.0 |   2.4 |   0.4 | 247.0
               +-------+-------+-------+-------+-------+----------------------

Table legend:
 A = Kills in this place as a percentage of kills in entire the game.
 B = Kills by you in this place as a percentage of kills by you in the entire game.
 C = Kills by friends in this place as a percentage of kills by friends in the entire game.
 D = Other kills in this place as a percentage of other kills in the entire game.
 E = Experience gained in this place as a percentage of experience gained in the entire game.
 F = Experience gained in this place divided by the number of levels of this place that you have seen.
                   A       B       C       D       E      F
               +-------+-------+-------+-------+-------+----------------------
         Total | 100.0 | 100.0 |  -nan |  -nan | 100.0 | 1566.0
       Dungeon | 100.0 | 100.0 |  -nan |  -nan | 100.0 | 1566.0
               +-------+-------+-------+-------+-------+----------------------

Vanquished Creatures
  A manticore (D)
  A yak (D)
  A steam dragon (D)
  A mottled dragon (D)
  An ogre (D)
  A giant frog (D)
  A crimson imp (D)
  A jelly (D)
  An orc wizard (D)
  A worker ant (D)
  An adder (D)
  An adder zombie (D)
  A giant gecko (D)
  A bat skeleton (D)
  2 hobgoblins (D)
  A kobold (D)
  A bat (D)
  A giant cockroach zombie (D)
  A giant newt (D)
  A rat (D)
21 creatures vanquished.
